 Dungeon Crawl Stone Soup version 0.21.0-3-g78d12a8 (webtiles) character file.

422 Ignatius881 the Chopper (level 6, 0/55 HPs)
             Began as a Minotaur Berserker on Jan 12, 2018.
             Was a Priest of Trog.
             Slain by an orc wizard
             ... wielding a +0 dagger
              (3 damage)
             ... on level 4 of the Dungeon.
             The game lasted 00:06:17 (3667 turns).

Ignatius881 the Chopper (Minotaur Berserker)        Turns: 3667, Time: 00:06:17

Health: 0/55       AC:  2    Str: 24    XL:     6   Next: 63%
Magic:  0/6        EV: 12    Int:  4    God:    Trog [***...]
Gold:   186        SH:  0    Dex:  9    Spells: 5/5 levels left

rFire    + . .     SeeInvis .   a - +0 hand axe
rCold    x . .     Gourm    .   (no shield)
rNeg     . . .     Faith    .   b - +0 animal skin
rPois    .         Spirit   +   (helmet restricted)
rElec    .         Reflect  .   (no cloak)
rCorr    .         Harm     .   (no gloves)
MR       .....                  (no boots)
Stlth    +.........             i - amulet of guardian spirit
HPRegen  0.18/turn              g - ring of fire
MPRegen  0.10/turn              (no ring)

@: berserk cooldown, slowed, very slow
A: retaliatory headbutt, horns 2
a: Berserk, Trog's Hand, Burn Spellbooks, Renounce Religion


You were on level 4 of the Dungeon.
You worshipped Trog.
Trog was most pleased with you.
You were very hungry.

You visited 1 branch of the dungeon, and saw 4 of its levels.

You collected 186 gold pieces.

Inventory:

Hand Weapons
 a - a +0 hand axe (weapon)
 o - a +2 quarterstaff of chaos
   (You took it off Crazy Yiuf on level 2 of the Dungeon)
Armour
 b - a +0 animal skin (worn)
 l - a +2 cloak of poison resistance
   (You took it off Crazy Yiuf on level 2 of the Dungeon)
 n - a +0 pair of gloves
   (You found it on level 2 of the Dungeon)
Jewellery
 g - a ring of fire (left hand)
   (You found it on level 1 of the Dungeon)
 i - an amulet of guardian spirit (around neck)
   (You found it on level 2 of the Dungeon)
 y - a cursed -3 ring of protection {unknown}
   (You found it on level 3 of the Dungeon)
Wands
 v - a wand of digging (14)
   (You took it off Crazy Yiuf on level 2 of the Dungeon)
Scrolls
 d - 2 scrolls of fog {unknown}
 f - a scroll of immolation {unknown}
 j - 2 scrolls of amnesia {unknown}
 m - a scroll of blinking {unknown}
 p - 2 scrolls of identify {unknown}
 q - a scroll of teleportation {unknown}
 s - a scroll of random uselessness {unknown}
 x - a scroll of remove curse {unknown}
 A - a scroll of enchant armour {unknown}
Potions
 c - 2 potions of might {unknown}
 h - a potion of haste {unknown}
 k - a potion of lignification {unknown}
 r - a potion of curing {unknown}
 t - a potion of mutation {unknown}
 u - a potion of agility {unknown}
 z - a potion of magic {unknown}
Comestibles
 e - 5 rations


   Skills:
 + Level 4.8 Fighting
 * Level 7.4 Axes
 + Level 3.9 Armour
 - Level 2.1 Dodging
 + Level 1.5 Evocations


You had 5 spell levels left.
You didn't know any spells.

Dungeon Overview and Level Annotations

Branches:
Dungeon (4/15)
 Temple: D:4-7

Altars:
Ashenzari
The Shining One


Innate Abilities, Weirdness & Mutations

You reflexively headbutt those who attack you in melee.
You have a pair of horns on your head.


Message History

You are feeling very hungry.
The iguana closely misses you.
You hit the iguana. You headbutt the iguana!
You kill the iguana!
Trog accepts your kill.
The orc wizard gestures at you while chanting.
You are confused.
You're too confused to move!
You bump into the rock wall.
You feel a strong urge to attack something.
The orc priest looks satisfied for a moment.
A jackal comes into view.
You bump into the rock wall.
The jackal barks!
The orc priest hits you with a hand axe.
* * * LOW HITPOINT WARNING * * *
You bump into the rock wall.
You feel your anger nearly subside.
You are no longer berserk.
You are exhausted.
You feel yourself slow down.
You miss the orc priest.
The orc priest hits you with a hand axe.
* * * LOW HITPOINT WARNING * * *
The orc priest hits you with a hand axe!
* * * LOW HITPOINT WARNING * * *
You bump into the rock wall.
The orc priest closely misses you.
You bump into the rock wall.
You feel less confused. The jackal bites you.
* * * LOW HITPOINT WARNING * * *
The orc priest barely misses you.
All of the chunks of flesh in your inventory have rotted away.
You slash the orc priest! You closely miss the jackal.
The jackal bites you but does no damage.
The orc priest closely misses you. The jackal barely misses you.
The orc priest mumbles some strange prayers to Beogh against you.
You barely resist.
Unknown command.
You slash the orc priest!
You kill the orc priest!
Trog accepts your kill.
You barely miss the jackal. The jackal barely misses you. x2
You closely miss the orc. You headbutt the orc!
You kill the orc!
Trog accepts your kill.
You hit the jackal.
You kill the jackal!
Trog accepts your kill. The orc wizard hits you with a dagger.
You die...

....... ###.......
#.........
###.#.#..#.$
#...#......>
###.##.......#
#######
#...#........#
#.....###.#.....#
#.<...##....#.#@#
#.........#...#o#
#.....#..##.###r.
#............ ....
#.....#####.####.?.
.......# ..# ....
.......# .# $....
..###### #.#... ..


You could see an orc wizard and a quokka.

Vanquished Creatures
  An ogre (D:3)
  An orc priest (D:4)
  Crazy Yiuf (D:2)
  Jessica (D:2)
  An iguana (D:4)
  3 orc wizards
  3 gnolls (D:3)
  3 adders
  An ooze (D:1)
  2 leopard geckos (D:3)
  8 orcs
  10 bats
  4 giant cockroaches (D:3)
  6 goblins
  4 hobgoblins
  9 jackals
  3 quokkas (D:3)
  A ball python (D:2)
  4 frilled lizards
  10 kobolds
  7 rats
83 creatures vanquished.

Vanquished Creatures (others)
  2 jackals (D:4)
2 creatures vanquished.

Grand Total: 85 creatures vanquished

Notes
Turn   | Place    | Note
-------+----------+-------------------------------------------
     0 | D:1      | Ignatius881 the Minotaur Berserker began the quest for the Orb.
     0 | D:1      | Reached XP level 1. HP: 19/19 MP: 0/0
    84 | D:1      | Reached skill level 4 in Axes
   101 | D:1      | Reached XP level 2. HP: 20/26 MP: 1/1
  1181 | D:2      | Noticed Jessica
  1182 | D:2      | Reached skill level 5 in Axes
  1189 | D:2      | Killed Jessica
  1189 | D:2      | Reached XP level 3. HP: 20/31 MP: 2/2
  1966 | D:2      | Reached ** piety under Trog
  1966 | D:2      | Reached skill level 6 in Axes
  1966 | D:2      | Reached XP level 4. HP: 39/39 MP: 3/3
  2122 | D:2      | Found a shattered altar of Ashenzari.
  2169 | D:2      | Found a runed door.
  2322 | D:2      | Noticed Crazy Yiuf
  2331 | D:2      | Killed Crazy Yiuf
  2484 | D:3      | Reached XP level 5. HP: 22/46 MP: 4/4
  3198 | D:3      | Found a glowing golden altar of the Shining One.
  3217 | D:3      | Reached *** piety under Trog
  3440 | D:3      | Noticed an ogre
  3447 | D:3      | Killed an ogre
  3447 | D:3      | Reached skill level 7 in Axes
  3447 | D:3      | Reached skill level 1 in Evocations
  3447 | D:3      | Reached XP level 6. HP: 53/53 MP: 5/5
  3664 | D:4      | HP: 2/53 [jackal (1)]
  3667 | D:4      | Slain by an orc wizard

Skill      XL: |  1  2  3  4  5 |
---------------+----------------+-----
Axes           | 4 5 6 7 |  7.4
Fighting       | 4 |  4.8
Armour         | 3 |  3.9
Evocations     | 1 |  1.5
Dodging        | |  2.1

Action                   |  1- 3 |  4- 6 || total
-------------------------+-------+-------++-------
Melee: Hand axe          |    66 |   115 ||   181
       Headbutt          |     5 |    26 ||    31
Invok: Berserk           |       |     4 ||     4
       Trog's Hand       |       |     1 ||     1
 Stab: Sleeping          |     1 |       ||     1
  Eat: Chunk             |     3 |     8 ||    11
Armor: Animal skin       |    15 |    15 ||    30
Dodge: Dodged            |    44 |    60 ||   104
